 Dungeon Crawl Stone Soup version 0.20-a0-350-ga83eecc (webtiles) character file.

31 TheGoonsmith the Chiller (level 3, 0/21 HPs)
             Began as an Octopode Ice Elementalist on Dec 23, 2016.
             Succumbed to a gnoll's poison
             ... on level 2 of the Dungeon.
             The game lasted 00:02:57 (1365 turns).

TheGoonsmith the Chiller (OpIE)                     Turns: 1365, Time: 00:02:58

Health: 0/21       AC:  1    Str:  7    XL:     3   Next: 22%
Magic:  1/6        EV: 12    Int: 18    God:
Gold:   58         SH:  0    Dex: 12    Spells: 0/6 levels left

rFire  . . .     SeeInvis .     m - +0 club
rCold  . . .     Gourm    .     (no shield)
rNeg   . . .     Faith    .     (helmet restricted)
rPois  .         Spirit   .     (no amulet)
rElec  .         Reflect  .     i - ring of flight
rCorr  .         Harm     .     (no ring)
MR     .....                    (no ring)
Stlth  +++.......               (no ring)
                                (no ring)
                                (no ring)
                                (no ring)
                                (no ring)

@: lethally poisoned (0 -> -9), very slightly contaminated, heavily drained
A: almost no armour, stealthy swim, amphibious, 8 rings, constrict 8, camouflage
1, gelatinous body 1
a: Evoke Flight


You were on level 2 of the Dungeon.
You were not hungry.

You visited 1 branch of the dungeon, and saw 2 of its levels.

You collected 58 gold pieces.

Inventory:

Hand Weapons
 m - a +0 club (weapon)
Jewellery
 h - an uncursed ring of flight
 i - a ring of flight (left tentacle)
 j - an uncursed amulet of harm
Scrolls
 c - 2 scrolls of random uselessness {unknown}
 d - a scroll of fog {unknown}
 e - a scroll of immolation {unknown}
Potions
 g - a potion of curing {unknown}
 k - a potion of lignification {unknown}
 l - 2 potions of flight {unknown}
Books
 a - a book of Frost

   Spells                             Type                      Level
   a - Freeze                         Ice                          1
   b - Throw Frost                    Conjuration/Ice              2
   c - Ozocubu's Armour               Charms/Ice                   3
   d - Throw Icicle                   Conjuration/Ice              4
   e - Summon Ice Beast               Ice/Summoning                4
Comestibles
 b - 2 bread rations
 f - a meat ration


   Skills:
 - Level 2.0(0.6) Dodging
 - Level 2.6(1.2) Stealth
 - Level 2.0(0.6) Spellcasting
 - Level 1.0(0.0) Conjurations
 + Level 4.2(2.7) Ice Magic


You couldn't memorise any spells.
You knew the following spells:

 Your Spells              Type           Power        Failure   Level  Hunger
a - Freeze                Ice            ##..         10%         1    ##.....
b - Throw Frost           Conj/Ice       #.....       17%         2    ###....
c - Ozocubu's Armour      Chrm/Ice       #.......     34%         3    ####...


Dungeon Overview and Level Annotations

Branches:
Dungeon (2/15)

Altars:


Innate Abilities, Weirdness & Mutations

You cannot wear most types of armour.
You are very stealthy in the water. (Stealth+)
You are amphibious.
You can wear up to eight rings at the same time.
You can use your tentacles to constrict eight enemies at once.
Your skin changes colour to match your surroundings (Stealth+).
Your rubbery body absorbs attacks. (AC +1, EV +1)


Message History

Aim: a gnoll, wielding a spear of venom You miscast Freeze.
You shiver with cold.
The gnoll hits you with a spear of venom.
Casting: Freeze
Confirm with . or Enter, or press ? or * to list all spells.
Aiming: Freeze
Press: ? - help, Shift-Dir - straight line, f/p - gnoll
Aim: a gnoll, wielding a spear of venom You freeze the gnoll.
The gnoll is heavily wounded.
The gnoll hits you with a spear of venom.
* * * LOW HITPOINT WARNING * * *
You are lethally poisoned!
Casting: Freeze
Confirm with . or Enter, or press ? or * to list all spells.
Aiming: Freeze
Press: ? - help, Shift-Dir - straight line, f/p - gnoll
Aim: a gnoll, wielding a spear of venom (heavily wounded)
You miscast Freeze.
Nothing appears to happen.
You die...

##♣ #..
#.# #.#
#.# #g#
#@# #.#
########.#
.........#
######.##
#.## #..#
##.#
♣.♣♣♣#


You could see a gnoll.

Vanquished Creatures
  2 dart slugs (D:1)
  A leopard gecko (D:1)
  A ball python (D:1)
  2 giant cockroaches (D:1)
  3 goblins
  4 hobgoblins (D:1)
  3 kobolds (D:1)
  6 bats
  3 frilled lizards (D:1)
25 creatures vanquished.

Notes
Turn   | Place    | Note
-------+----------+-------------------------------------------
     0 | D:1      | TheGoonsmith the Octopode Ice Elementalist began the quest for the Orb.
     0 | D:1      | Reached XP level 1. HP: 11/11 MP: 3/3
   329 | D:1      | Reached XP level 2. HP: 15/17 MP: 0/5
   807 | D:1      | Reached skill level 4 in Ice Magic
   855 | D:1      | Reached XP level 3. HP: 11/21 MP: 2/6
  1135 | D:1      | Learned a level 2 spell: Throw Frost
  1139 | D:1      | Learned a level 3 spell: Ozocubu's Armour
  1364 | D:2      | HP: 1/21 [gnoll/spear of venom (6)]
  1365 | D:2      | Succumbed to a gnoll's poison

Vault maps used:
D:1:      nicolae_arrival_washed_ashore, minmay_tetromino_l2
D:2:      serial_forest, infiniplex_forest_clump_large,
          infiniplex_forest_clump_curved, infiniplex_forest_diagonal,
          infiniplex_forest_lined_corner, infiniplex_forest_fountain,
          infiniplex_forest_lined_4_way, infiniplex_forest_corner_1,
          uniq_sigmund

Skill      XL: |  1  2 |
---------------+-------+-----
Ice Magic      | 4 |  4.2
Dodging        | |  2.0
Stealth        | |  2.6
Spellcasting   | |  2.0
Conjurations   | |  1.0

Action                   || total
-------------------------++-------
Melee: Unarmed           ||    16
       Constrict         ||     4
       Tentacles         ||     1
 Cast: Freeze            ||    35
  Eat: Chunk             ||     3
Armor: Skin              ||     8
Dodge: Dodged            ||    25
